 Dungeon Crawl Stone Soup version 0.24.1-14-gf8d2b509d9 (webtiles) character file.

Game seed: 15499328860331776480, levelgen mode: deterministic

302 jr51 the Cutter (level 6, -9/79 HPs)
             Began as a Draconian Berserker on June 19, 2023.
             Was a Believer of Trog.
             Mangled by a gnoll
             ... wielding a +0 halberd
              (17 damage)
             ... on level 3 of the Dungeon.
             The game lasted 00:14:14 (1932 turns).

jr51 the Cutter (Draconian Berserker)               Turns: 1932, Time: 00:14:15

Health: -9/79      AC:  6    Str: 26    XL:     6   Next: 14%
Magic:  5/5        EV: 13    Int:  7    God:    Trog [**....]
Gold:   88         SH:  0    Dex: 11    Spells: 5/5 levels left

rFire    . . .     SeeInvis .   q - +4 short sword
rCold    . . .     Gourm    .   (no shield)
rNeg     . . .     Faith    .   (armour unavailable)
rPois    .         Spirit   .   (helmet restricted)
rElec    .         Reflect  .   (no cloak)
rCorr    .         Harm     .   (no gloves)
MR       .....                  (no boots)
Stlth    ..........             (no amulet)
HPRegen  0.23/turn              (no ring)
MPRegen  0.09/turn              (no ring)

@: berserking, lethally poisoned (-9 -> -10), flying, very quick
A: unfitting armour, big wings, low mp 1, cold-blooded, AC +6
a: Fly, Berserk, Trog's Hand, Renounce Religion


You were on level 3 of the Dungeon.
You worshipped Trog.
Trog was pleased with you.
You were not hungry.

You visited 1 branch of the dungeon, and saw 4 of its levels.

You collected 88 gold pieces.

Inventory:

Hand Weapons
 a - a +0 short sword
 f - a +0 dagger
 l - a +0 whip
 o - a +0 battleaxe
 q - a +4 short sword (weapon)
Missiles
 h - 45 stones (quivered)
Wands
 m - a wand of disintegration (13)
Scrolls
 d - a scroll of blinking {unknown}
 i - a scroll of amnesia {unknown}
 k - 2 scrolls of teleportation {unknown}
 n - a scroll of magic mapping {unknown}
Potions
 c - a potion of mutation
 e - a potion of magic {unknown}
 g - a potion of curing {unknown}
Comestibles
 b - a ration


   Skills:
 + Level 4.4 Fighting
 + Level 4.7 Short Blades
 + Level 1.9 Axes
 + Level 4.0 Dodging
 + Level 0.8 Stealth


You had 5 spell levels left.
You didn't know any spells.
Your spell library was empty.

Dungeon Overview and Level Annotations

Branches:
Dungeon (4/15)
 Temple: D:4-7

Altars:


Innate Abilities, Weirdness & Mutations

Your plain brown scales are hard. (AC +6)
You cannot fit into any form of body armour.
You are cold-blooded and may be slowed by cold attacks.
Your large and strong wings let you fly indefinitely.
Your magical capacity is low. (-10% MP)


Message History

You barely miss the gnoll.
Your tail-slap misses the gnoll.
The gnoll is almost dead.
The gnoll hits you from afar with a +0 halberd!
* * * LOW HITPOINT WARNING * * *
You barely miss the gnoll.
The gnoll is almost dead.
The gnoll hits you with a +0 rapier!
* * * LOW HITPOINT WARNING * * *
The gnoll hits you.
* * * LOW HITPOINT WARNING * * *
You impale the gnoll!!
You kill the gnoll!
Trog accepts your kill. The gnoll barely misses you.
Eat a chunk of flesh? (ye/n/q)
You eat the chunk of flesh.
This raw flesh tastes terrible.
You puncture the gnoll!
Your tail-slap misses the gnoll.
The gnoll is almost dead.
The gnoll hits you from afar with a +0 halberd!
You die...

........## ##...#
......... .....
........## ##...##
#...).######.....###
####................
#..#####.....##.
#g###......###
######.##..###..#
#....†@g..# #...## ...
#.........# #.#..# #..
...........###.##.# ##..
....$......##..##.###...
##.............##.......
........(..###......##..
...####........####††..#
##. ..........<.....>.
........#.....###


You could see 2 gnolls.

Vanquished Creatures
  2 ogres (D:4)
  A hound (D:3)
  2 gnolls (D:3)
  3 adders
  2 worms
  2 dart slugs (D:1)
  A leopard gecko (D:1)
  A giant cockroach (D:2)
  4 goblins
  4 hobgoblins
  7 jackals (D:1)
  2 quokkas
  A ball python (D:4)
  3 bats (D:1)
  4 frilled lizards
  5 kobolds
  3 rats
47 creatures vanquished.

Notes
Turn   | Place    | Note
-------+----------+-------------------------------------------
     0 | D:1      | jr51 the Draconian Berserker began the quest for the Orb.
     0 | D:1      | Reached XP level 1. HP: 19/19 MP: 1/1
    37 | D:1      | Reached XP level 2. HP: 10/26 MP: 2/2
   951 | D:1      | Reached XP level 3. HP: 33/33 MP: 3/3
  1396 | D:2      | Reached ** piety under Trog
  1622 | D:2      | You fall into a shaft and drop 2 floors!
  1623 | D:4      | Noticed an ogre
  1627 | D:4      | Killed an ogre
  1627 | D:4      | Reached XP level 4. HP: 40/40 MP: 4/4
  1627 | D:4      | Reached XP level 5. HP: 46/46 MP: 5/5
  1636 | D:4      | Noticed an ogre
  1647 | D:4      | Killed an ogre
  1647 | D:4      | Reached skill level 1 in Axes
  1810 | D:3      | Reached XP level 6. HP: 40/53 MP: 6/6
  1925 | D:3      | Gained mutation: Your magical capacity is low. (-10% MP)
                  | [potion of mutation]
  1925 | D:3      | Gained mutation: Your large and strong wings let you fly
                  | indefinitely. [potion of mutation]
  1932 | D:3      | Mangled by a gnoll

Levels and vault maps discovered:
D:1:      dpeg_arrival_shrine, layout_rooms
D:2:      layout_rooms, grunt_qazlal_clouds, minmay_small_reverse_x
D:3:      minmay_wonky_spiral, layout_rooms, lemuel_coloured_pillars_altar,
          first_ration, minmay_misc_feat_rows
D:4:      layout_cave_pools, minmay_temple_entry_enclosed_plants, uniq_edmund

Skill      XL: |  1  2  3  4  5 |
---------------+----------------+-----
Dodging        | 3 4 |  4.0
Fighting       | 4 |  4.4
Short Blades   | 4 |  4.7
Axes           | 1 |  1.9
Stealth        | |  0.8

Action                   |  1- 3 |  4- 6 || total
-------------------------+-------+-------++-------
Melee: Short sword       |   122 |    26 ||   148
       Tailslap          |    19 |     8 ||    27
       Battleaxe         |     3 |    15 ||    18
Throw: Stone             |     1 |       ||     1
Invok: Berserk           |       |     1 ||     1
  Use: Potion            |       |     2 ||     2
  Eat: Ration            |     1 |       ||     1
       Chunk             |       |     1 ||     1
Armor: Skin              |    38 |    10 ||    48
Dodge: Dodged            |   110 |    46 ||   156
